 Dungeon Crawl Stone Soup version 0.19.1 (webtiles) character file.

14000 JDdeen the Fighter (level 11, -5/87 HPs)
             Began as a Purple Draconian Wizard on Nov 26, 2016.
             Was a Believer of Hepliaklqana.
             Slain by a fire elemental (13 damage)
             ... led by Azrael
             ... on level 12 of the Dungeon.
             The game lasted 01:59:17 (17290 turns).

JDdeen the Fighter (Purple Draconian Wizard)       Turns: 17290, Time: 01:59:18

Health: -5/87      AC: 14    Str: 10    XL:     11   Next: 83%
Magic:  0/20       EV: 12    Int: 22    God:    Hepliaklqana [**....]
Gold:   562        SH:  5    Dex:  9    Spells: 7 memorised, 5 levels left

rFire  . . .     SeeInvis .     F - +1 dagger (freeze)
rCold  . . .     Gourm    +     (armour unavailable)
rNeg   . . .     Faith    .     j - +0 buckler
rPois  +         Spirit   .     a - +2 hat
rElec  .         Reflect  .     r - +2 cloak
rCorr  .         Harm     .     (no gloves)
MR     ++...                    I - +1 pair of boots
Stlth  ++........               K - amulet of the gourmand
                                L - ring of protection from magic
                                e - ring of poison resistance

@: swift, very slightly contaminated, repel missiles, very quick
A: breathe power, unfitting armour, reduced essence, cold-blooded, AC +7
a: Breathe Dispelling Energy, Recall Ancestor, Ancestor Identity, Renounce
Religion


You were on level 12 of the Dungeon.
You worshipped Hepliaklqana.
Hepliaklqana was pleased with you.
You were full.

You visited 2 branches of the dungeon, and saw 13 of its levels.

You collected 748 gold pieces.
You spent 186 gold pieces at shops.

Inventory:

Hand Weapons
 d - a +1 dagger
 F - a +1 dagger of freezing (weapon)
 O - a +0 dagger of holy wrath
Missiles
 n - 5 silver javelins
 H - 3 javelins (quivered)
Armour
 a - a +2 hat (worn)
 j - a +0 buckler (worn)
 r - a +2 cloak (worn)
 I - a +1 pair of boots (worn)
 M - a +0 shield
Jewellery
 e - a ring of poison resistance (left hand)
 u - an uncursed ring of wizardry
 E - an uncursed ring of fire
 K - an amulet of the gourmand (around neck)
 L - a ring of protection from magic (right hand)
Wands
 o - a wand of lightning (5/15)
 s - a wand of hasting (2/9)
 G - a wand of paralysis (14/24)
 Q - a wand of iceblast (9/15)
 T - a wand of disintegration (18/24)
Scrolls
 b - a scroll of acquirement {unknown}
 h - 2 scrolls of recharging
 p - 2 scrolls of fear
 q - 4 scrolls of teleportation
 t - 2 scrolls of immolation
 v - 4 scrolls of remove curse
 y - 2 scrolls of magic mapping
 A - a scroll of amnesia
 B - 3 scrolls of fog
 C - 2 scrolls of enchant armour
Potions
 f - 2 potions of flight
 g - a potion of might
 i - a potion of brilliance
 k - a potion of cancellation
 m - a potion of ambrosia
 P - a potion of berserk rage
 R - 2 potions of agility
 W - a potion of magic
Books
 D - a book of Air

   Spells                             Type                      Level
   a - Shock                          Conjuration/Air              1
   b - Swiftness                      Charms/Air                   2
   c - Repel Missiles                 Charms/Air                   2
   d - Static Discharge               Conjuration/Air              3
   e - Lightning Bolt                 Conjuration/Air              5
 J - a book of Callings

   Spells                             Type                      Level
   a - Summon Small Mammal            Summoning                    1
   b - Call Imp                       Summoning                    2
   c - Call Canine Familiar           Summoning                    3
   d - Summon Guardian Golem          Hexes/Summoning              3
   e - Summon Lightning Spire         Summoning/Air                4
   f - Summon Ice Beast               Ice/Summoning                4
Comestibles
 c - 5 bread rations
 w - a beef jerky
 x - 3 meat rations
 z - 3 fruits
 N - 10 royal jellies


   Skills:
 + Level 9.0 Fighting
 - Level 7.1 Short Blades
 - Level 1.7 Dodging
 - Level 1.7 Stealth
 * Level 8.2 Shields
 + Level 6.6 Spellcasting
 + Level 6.8 Conjurations
 * Level 6.3 Charms
   Level 1.0 Summonings
 - Level 1.0 Translocations
 + Level 6.4 Air Magic
 - Level 6.1 Poison Magic


You had 5 spell levels left.
You knew the following spells:

 Your Spells              Type           Power        Failure   Level  Hunger
a - Magic Dart            Conj           ####         1%          1    None
b - Blink                 Tloc           N/A          10%         2    None
c - Repel Missiles        Chrm/Air       #####.       1%          2    None
d - Mephitic Cloud        Conj/Pois/Air  #####...     1%          3    #......
e - Swiftness             Chrm/Air       #####...     1%          2    None
f - Static Discharge      Conj/Air       #####...     1%          3    #......
g - Lightning Bolt        Conj/Air       #####.....   17%         5    #####..


Dungeon Overview and Level Annotations

Branches:
Dungeon (12/15)            Temple (1/1) D:6            Lair (0/6) D:11
    Orc (0/2) D:10

Altars:
Ashenzari
Cheibriados
Dithmenos
Elyvilon
Fedhas
Gozag
Hepliaklqana
Kikubaaqudgha
Makhleb
Nemelex Xobeh
Okawaru
Qazlal
Ru
Sif Muna
Trog
Uskayaw
Vehumet
Xom
Yredelemnul
Zin
The Shining One

Shops:
D:9 *

Annotations:
D:3 Terence
D:12 Azrael


Innate Abilities, Weirdness & Mutations

You can breathe bolts of dispelling energy.
Your rich purple scales are hard. (AC +7)
You cannot fit into any form of body armour.
You are cold-blooded and may be slowed by cold attacks.
Your life essence is reduced. (-10% HP)


Message History

Confirm with . or Enter, or press ? or * to list all spells.
You don't have enough magic to cast that spell.
You hit the fire elemental. You freeze the fire elemental.
The fire elemental is moderately damaged.
You hit the fire elemental but do no damage.
The fire elemental is moderately damaged.
The fire elemental hits you. The fire elemental burns you!
You closely miss the fire elemental.
The fire elemental is moderately damaged.
The fire elemental hits you. The fire elemental burns you!
* * * LOW HITPOINT WARNING * * *
The fire elemental hits you. The fire elemental burns you!
* * * LOW HITPOINT WARNING * * *
The fire elemental hits you. The fire elemental burns you!
* * * LOW HITPOINT WARNING * * *
Okay, then.
Casting: Static Discharge
Confirm with . or Enter, or press ? or * to list all spells.
You feel quick. The fire elemental hits you. The fire elemental burns you!
You die...

#.# #.# #.#
#.# #.# #E
#.# #E #.# #E
#.# #R #@# .
#E #E# #.. #§
#E#
.....#.####E#
#..RE.§§.#
#.#"######
... #.)..
#.#..


You could see 3 fire elementals.

Vanquished Creatures
  The ghost of AAAAA the Spear-Bearer, a novice DgWn (D:10)
  An unseen horror (D:11)
  Pikel (D:7)
  A centaur zombie (D:10)
  2 trolls
  2 hippogriffs
  A shadow (D:11)
  A wyvern (D:11)
  A warg (D:10)
  10 yaks
  A soldier ant (D:11)
  A water moccasin (D:7)
  4 orc warriors
  An ice beast (D:6)
  A black bear (D:10)
  2 slaves (D:7)
  An eye of draining (D:8)
  A necrophage (D:8)
  2 sky beasts
  7 centaurs
  A big kobold (D:8)
  7 bullfrogs
  5 scorpions
  A water moccasin skeleton (D:5)
  6 killer bees (D:11)
  2 wights
  A bullfrog zombie (D:12)
  6 crimson imps
  A lava snake (D:11)
  5 bullfrog skeletons
  5 hounds
  6 orc priests
  4 jellies
  A centaur skeleton (D:4)
  5 iguanas
  5 ancestors
  A hexer (D:12)
  11 orc wizards
  7 worker ants
  A hound zombie (D:8)
  2 hound skeletons
  2 howler monkey skeletons
  3 gnolls (D:5)
  19 adders
  2 shadow imps
  An ooze (D:8)
  An adder zombie (D:7)
  3 worms
  2 adder skeletons
  3 dart slugs
  5 leopard geckos
  34 orcs
  A ball python (D:2)
  9 bats
  3 giant cockroaches
  7 goblins
  7 hobgoblins
  8 jackals
  7 quokkas
  4 frilled lizards
  17 kobolds
  A leopard gecko zombie (D:5)
  A quokka zombie (D:6)
  7 rats
272 creatures vanquished.

Vanquished Creatures (collateral kills)
  2 hill giants (D:10)
  An ugly thing (D:10)
  Joseph (D:7)
  A centaur skeleton (D:10)
  A troll (D:9)
  A two-headed ogre (D:10)
  A wyvern (D:9)
  2 yaks
  2 wargs (D:10)
  A water moccasin (D:10)
  2 sky beasts
  An orc warrior (D:10)
  An eye of draining (D:9)
  2 ice beasts (D:8)
  2 necrophages
  3 centaurs
  A big kobold (D:9)
  2 bullfrogs
  A water moccasin skeleton (D:8)
  A scorpion (D:8)
  2 killer bees (D:11)
  A howler monkey (D:6)
  7 wights
  A crimson imp (D:8)
  A lava snake (D:11)
  A quasit (D:9)
  3 hounds
  3 jellies
  An orc priest (D:11)
  An iguana (D:7)
  3 orc wizards
  2 worker ants
  A hound skeleton (D:10)
  A gnoll (D:6)
  3 adders
  A shadow imp (D:11)
  4 oozes (D:8)
  11 orcs
  A jackal (D:10)
  5 kobolds
82 creatures vanquished.

Vanquished Creatures (others)
  A crocodile (D:7)
  A bullfrog (D:7)
  A killer bee (D:4)
  13 ancestors
  A ball lightning (D:11)
  An orc (D:4)
18 creatures vanquished.

Grand Total: 372 creatures vanquished

Notes
Turn   | Place    | Note
-------+----------+-------------------------------------------
     0 | D:1      | JDdeen the Draconian Wizard began the quest for the Orb.
     0 | D:1      | Reached XP level 1. HP: 14/14 MP: 4/4
    74 | D:1      | Reached skill level 1 in Fighting
    74 | D:1      | Reached XP level 2. HP: 19/23 MP: 0/6
   577 | D:1      | Reached XP level 3. HP: 28/28 MP: 3/7
   807 | D:2      | Reached skill level 1 in Shields
  1033 | D:2      | Found a bloodstained altar of Trog.
  1141 | D:2      | Reached XP level 4. HP: 28/36 MP: 2/8
  1262 | D:2      | Learned a level 2 spell: Blink
  1265 | D:2      | Learned a level 2 spell: Repel Missiles
  1321 | D:2      | Reached skill level 2 in Fighting
  1829 | D:3      | Reached skill level 1 in Charms
  1829 | D:3      | Reached XP level 5. HP: 42/42 MP: 0/9
  2114 | D:3      | Reached skill level 1 in Short Blades
  2119 | D:3      | Reached skill level 1 in Air Magic
  2264 | D:3      | Noticed Terence
  2607 | D:4      | Found a sacrificial altar of Ru.
  2677 | D:4      | Reached XP level 6. HP: 44/50 MP: 3/10
  2811 | D:4      | Reached skill level 3 in Fighting
  3115 | D:4      | Found a shimmering altar of Xom.
  3575 | D:5      | Entered Level 5 of the Dungeon
  3809 | D:5      | Your scales start taking on a rich purple colour.
  3809 | D:5      | Reached XP level 7. HP: 52/57 MP: 2/13
  4789 | D:6      | Reached skill level 4 in Fighting
  4964 | D:6      | Reached XP level 8. HP: 64/66 MP: 0/14
  5916 | D:5      | Reached skill level 5 in Charms
  6294 | D:5      | Learned a level 3 spell: Mephitic Cloud
  6332 | D:6      | Reached skill level 1 in Poison Magic
  6762 | D:6      | Found a staircase to the Ecumenical Temple.
  6772 | Temple   | Entered the Ecumenical Temple
  7006 | Temple   | Became a worshipper of Hepliaklqana the Forgotten
  7169 | D:6      | Reached skill level 5 in Fighting
  7310 | D:6      | Found a snail-covered altar of Cheibriados.
  7784 | D:7      | Noticed Joseph
  7816 | D:7      | Killed Joseph
  7991 | D:7      | Reached XP level 9. HP: 53/66 MP: 6/15
  8007 | D:7      | Noticed Pikel
  8043 | D:7      | Paralysed by Pikel for 7 turns
  8046 | D:7      | Killed Pikel
  8046 | D:7      | Reached skill level 5 in Air Magic
  8287 | D:7      | Reached skill level 5 in Shields
  8297 | D:7      | Reached skill level 6 in Fighting
  8639 | D:7      | Reached skill level 5 in Poison Magic
  9204 | D:7      | Found a shattered altar of Ashenzari.
  9328 | D:8      | Reached skill level 5 in Short Blades
  9898 | D:8      | Reached XP level 10. HP: 74/75 MP: 3/16
 10417 | D:9      | Reached * piety under Hepliaklqana
 10458 | D:9      | Reached skill level 7 in Fighting
 10806 | D:9      | Found Musosch's General Store.
 10816 | D:9      | Bought a potion of curing for 36 gold pieces
 10816 | D:9      | Bought a scroll of enchant armour for 90 gold pieces
 10816 | D:9      | Bought a potion of heal wounds for 60 gold pieces
 11158 | D:10     | Entered Level 10 of the Dungeon
 11584 | D:10     | Noticed a hill giant
 11606 | D:10     | Killed a hill giant
 11606 | D:10     | Reached skill level 5 in Conjurations
 11836 | D:10     | Noticed AAAAA's ghost (novice DgWn)
 12194 | D:10     | Found a blossoming altar of Fedhas.
 12238 | D:10     | Reached ** piety under Hepliaklqana
 12592 | D:10     | Reached skill level 8 in Fighting
 12602 | D:10     | HP: 2/79 [something (6)]
 13282 | D:10     | Reached XP level 11. HP: 49/84 MP: 12/17
 13285 | D:10     | Found a staircase to the Orcish Mines.
 13294 | D:10     | Learned a level 2 spell: Swiftness
 13298 | D:10     | Learned a level 3 spell: Static Discharge
 13317 | D:10     | Noticed a hill giant
 13444 | D:10     | Killed a hill giant
 14157 | D:10     | Killed AAAAA's ghost
 14157 | D:10     | Reached skill level 5 in Spellcasting
 14839 | D:9      | HP: 2/85 [iguana (7)]
 15399 | D:11     | Noticed a cyan ugly thing
 15435 | D:10     | Killed a red ugly thing
 15543 | D:10     | Learned a level 5 spell: Lightning Bolt
 16498 | D:11     | Found a staircase to the Lair.
 16568 | D:11     | Noticed a hill giant
 16841 | D:11     | Killed an unseen horror
 16841 | D:11     | Reached skill level 9 in Fighting
 17033 | D:11     | Remembered your ancestor Ayanami as a hexer
 17260 | D:12     | Noticed Azrael
 17290 | D:12     | Slain by a fire elemental

Skill      XL: |  1  2  3  4  5  6  7  8  9 10 11 |
---------------+----------------------------------+-----
Fighting       | 1 2 3 4 5 6 8 9 |  9.0
Shields        | 2 3 4 5 6 8 |  8.2
Conjurations   | 2 6 |  6.8
Charms         | 1 2 4 5 6 |  6.3
Short Blades   | 1 2 3 4 5 6 7 |  7.1
Air Magic      | 1 3 4 5 6 |  6.4
Spellcasting   | 4 6 |  6.6
Poison Magic   | 3 6 |  6.1
Dodging        | |  1.7
Stealth        | |  1.7
Summonings     | |  1.0
Translocations | |  1.0

Action                   |  1- 3 |  4- 6 |  7- 9 | 10-12 || total
-------------------------+-------+-------+-------+-------++-------
Melee: Dagger            |    64 |   171 |   563 |   660 ||  1458
       Unarmed           |     7 |       |       |       ||     7
       Tailslap          |     4 |    11 |    46 |    64 ||   125
Throw: Javelin           |     6 |    49 |    34 |       ||    89
 Cast: Magic Dart        |    61 |   183 |   319 |   132 ||   695
       Blink             |       |     7 |     6 |     6 ||    19
       Repel Missiles    |       |       |     1 |     3 ||     4
       Mephitic Cloud    |       |       |    18 |    58 ||    76
       Static Discharge  |       |       |       |    30 ||    30
       Lightning Bolt    |       |       |       |     4 ||     4
       Swiftness         |       |       |       |     3 ||     3
Invok: Ancestor Identity |       |       |     1 |       ||     1
       Recall Ancestor   |       |       |     4 |     5 ||     9
       Ancestor Life: He |       |       |       |     1 ||     1
 Abil: Breathe Dispellin |       |       |     2 |       ||     2
Evoke: Wand              |       |     2 |       |       ||     2
  Use: Scroll            |     3 |       |    14 |    13 ||    30
       Potion            |       |     3 |     4 |     4 ||    11
 Stab: Sleeping          |     1 |     2 |     1 |     1 ||     5
       Confused          |       |       |    14 |    18 ||    32
       Distracted        |       |       |     3 |     4 ||     7
  Eat: Beef jerky        |     1 |       |     1 |       ||     2
       Chunk             |       |     5 |    11 |    43 ||    59
       Meat ration       |       |     1 |       |       ||     1
       Fruit             |       |       |     3 |       ||     3
       Bread ration      |       |       |     1 |       ||     1
Armor: Skin              |    34 |    94 |   205 |   258 ||   591
Dodge: Dodged            |    41 |   192 |   315 |   251 ||   799
       Deflected         |       |       |     2 |     9 ||    11
Block: Buckler           |    10 |    49 |   106 |   103 ||   268
